 Dungeon Crawl Stone Soup version 0.19.0 (webtiles) character file.

9781 gg19 the Jinx (level 11, -8/59 (60) HPs)
             Began as a Deep Elf Enchanter on Nov 19, 2016.
             Was a High Priest of Sif Muna.
             Killed from afar by Fannar (31 damage)
             ... with a bolt of cold
             ... on level 11 of the Dungeon.
             The game lasted 00:39:05 (11887 turns).

gg19 the Jinx (Deep Elf Enchanter)                 Turns: 11887, Time: 00:39:06

HP:   -8/59 (60)    AC:  8    Str: 11    XL:     11   Next: 27%
MP:   15/28         EV: 14    Int: 24    God:    Sif Muna [*****.]
Gold: 484           SH:  0    Dex: 15    Spells: 4 memorised, 22 levels left

rFire  . . .     SeeInvis .     y - +1 short sword (drain)
rCold  . . .     Gourm    +     J - +1 troll leather armour
rNeg   . . .     Faith    .     (no shield)
rPois  .         Spirit   .     (no helmet)
rElec  .         Reflect  .     i - +0 cloak
rCorr  .         Harm     .     g - +0 pair of gloves
MR     +....                    B - +0 pair of boots
Stlth  ++........               L - amulet of the gourmand
                                (no ring)
                                e - +6 ring of strength

@: divine energy
A: no striking features
a: Stop Divine Energy, Channel Magic, Forget Spell, Renounce Religion


You were on level 11 of the Dungeon.
You worshipped Sif Muna.
Sif Muna was extremely pleased with you.
You were full.

You visited 2 branches of the dungeon, and saw 12 of its levels.

You collected 484 gold pieces.

Inventory:

Hand Weapons
 a - a +0 blowgun
 y - a +1 short sword of draining (weapon)
 I - a +3 scimitar of flaming
Missiles
 x - 21 poisoned needles
Armour
 g - a +0 pair of gloves (worn)
 i - a +0 cloak (worn)
 u - a +0 ring mail
 B - a +0 pair of boots (worn)
 C - a +0 buckler
 J - a +1 troll leather armour (worn)
Jewellery
 e - a +6 ring of strength (left hand)
 L - an amulet of the gourmand (around neck)
Wands
 n - a wand of iceblast (6/15)
 v - a wand of iceblast (11/15)
 N - a wand of flame (17/48)
Scrolls
 b - 3 scrolls of teleportation
 l - 2 scrolls of recharging
 m - 2 scrolls of magic mapping
 A - a scroll of amnesia
 K - a scroll of remove curse
 O - 4 scrolls of identify
 P - a scroll of enchant weapon
Potions
 h - 3 potions of brilliance
 q - 2 potions of curing
 r - 2 potions of resistance
 s - a potion of mutation
 t - 2 potions of cure mutation
 w - a potion of magic
 z - 2 potions of heal wounds
 D - a potion of cancellation
 E - a potion of haste
 H - a potion of berserk rage
Books
 c - a book of Maledictions

   Spells                             Type                      Level
   a - Corona                         Hexes                        1
   b - Ensorcelled Hibernation        Hexes/Ice                    2
   c - Confuse                        Hexes                        3
   d - Tukima's Dance                 Hexes                        3
   e - Dazzling Spray                 Conjuration/Hexes            3
 k - a book of Misfortune

   Spells                             Type                      Level
   a - Confusing Touch                Hexes                        1
   b - Confuse                        Hexes                        3
   c - Gell's Gravitas                Hexes/Translocation          3
   d - Petrify                        Transmutation/Earth          4
   e - Metabolic Englaciation         Hexes/Ice                    5
   f - Yara's Violent Unravelling     Hexes/Transmutation          5
 F - the Collected Works on Congealing Transmigration
   (You found it on level 6 of the Dungeon)

   Spells                             Type                      Level
   a - Beastly Appendage              Transmutation                1
   b - Spider Form                    Transmutation/Poison         3
   c - Throw Icicle                   Conjuration/Ice              4
   d - Summon Ice Beast               Ice/Summoning                4
   e - Irradiate                      Conjuration/Transmutation    5
 G - Sif Muna's Handbook of Dusty Conjuration
   (Sif Muna gifted it to you on level 8 of the Dungeon)

   Spells                             Type                      Level
   a - Static Discharge               Conjuration/Air              3
   b - Sticky Flame                   Conjuration/Fire             4
   c - Leda's Liquefaction            Hexes/Earth                  4
   d - Shatter                        Earth                        9
Comestibles
 d - 9 bread rations
 f - 3 slices of pizza
 j - 7 meat rations
 o - 29 fruits
 p - 2 beef jerkies


   Skills:
 + Level 3.1 Fighting
 - Level 2.1 Short Blades
 + Level 5.3 Dodging
 - Level 4.1 Stealth
 + Level 11.5 Spellcasting
 - Level 8.9 Conjurations
 + Level 11.7 Hexes
 - Level 8.5 Translocations


You had 22 spell levels left.
You knew the following spells:

 Your Spells              Type           Power        Failure   Level  Hunger
a - Gell's Gravitas       Hex/Tloc       ######....   1%          3    None
b - Ensorcelled Hibernat  Hex/Ice        #####.       1%          2    None
c - Confuse               Hex            ######..     1%          3    None
d - Dazzling Spray        Conj/Hex       ######       1%          3    None


Dungeon Overview and Level Annotations

Branches:
Dungeon (11/15)            Temple (1/1) D:6            Lair (0/6) D:11
    Orc (0/2) D:11

Altars:
Ashenzari
Cheibriados
Dithmenos
Elyvilon
Fedhas
Gozag
Hepliaklqana
Kikubaaqudgha
Makhleb
Nemelex Xobeh
Okawaru
Qazlal
Ru
Sif Muna
Trog
Uskayaw
Vehumet
Xom
Yredelemnul
Zin
The Shining One

Shops:
D:9 =[(

Annotations:
D:11 Fannar


Message History

Confirm with . or Enter, or press ? or * to list all spells.
Aiming: Gell's Gravitas
Press: ? - help, Dir - move target cursor, f/p - yak
Aim: a yak (heavily wounded, confused, lightly drained) Gravity reorients around the yak.
Fannar collides with the yak!
The ice beast collides with the yak!
Fannar hits you but does no damage.
The yak barely misses the ice beast.
The ice beast closely misses you.
A basilisk comes into view.
Fannar gestures at you while chanting.
The bolt of cold hits the ice beast.
The ice beast completely resists.
The bolt of cold hits you!
Ouch! That really hurt!
The yak closely misses the basilisk.
There is a stone staircase leading up here.
The ice beast hits you but does no damage.
Fannar casts a spell at you.
The bolt of cold hits the ice beast.
The ice beast completely resists.
The bolt of cold hits you!
Ouch! That really hurt!
You die...

#.........Y.................
#######.##..######..........
#.##.)# #.......... #.##..#
......)..≈ #.##..#
....≈..o.≈
#..#..#########.≈...Y.
##.#.el......##...o...
#...Y.......##....Y.Y
##..@.............###
#..#.).....#####Y###
#..#######.#....ooY. #..#
#####.#......YY #.>.
..##.#..#.#### .####
#.##.#........
..######.##.....#####
...........####...###
..........#.........


You could see Fannar, a basilisk and an ice beast.

Vanquished Creatures
  Erica (D:8)
  Harold (D:10)
  A centaur warrior (D:8)
  A tengu warrior (D:8)
  2 hill giants
  An ugly thing (D:8)
  Psyche (D:9)
  A troll (D:9)
  A two-headed ogre (D:11)
  A hippogriff (D:11)
  3 yaks (D:10)
  Grum (D:10)
  A hungry ghost (D:10)
  Menkaure (D:6)
  2 ice beasts
  2 orc warriors
  3 sky beasts
  A black bear (D:11)
  2 phantoms
  An eye of draining (D:11)
  2 necrophages
  2 ogres
  4 wolves (D:10)
  6 centaurs
  3 big kobolds
  2 bullfrogs
  4 scorpions
  2 killer bees (D:9)
  2 howler monkeys
  2 crimson imps
  A centaur zombie (D:7)
  4 bullfrog zombies
  3 jellies
  4 orc priests
  4 centaur skeletons
  2 gnoll shamans
  5 hounds
  4 orc wizards
  2 bullfrog skeletons
  3 iguanas
  11 worker ants
  A killer bee zombie (D:5)
  2 hound skeletons
  A worker ant zombie (D:8)
  15 gnolls
  11 adders
  A shadow imp (D:8)
  2 oozes
  3 adder skeletons
  4 worms
  2 dart slugs (D:1)
  4 leopard geckos
  32 orcs
  7 giant cockroaches
  6 hobgoblins
  15 jackals
  4 quokkas
  2 ball pythons
  5 bats
  8 frilled lizards
  10 goblins
  A jackal skeleton (D:4)
  15 kobolds
  A quokka skeleton (D:4)
  15 rats
267 creatures vanquished.

Vanquished Creatures (collateral kills)
  A killer bee (D:9)
1 creature vanquished.

Vanquished Creatures (others)
  An adder (D:10)
1 creature vanquished.

Grand Total: 269 creatures vanquished

Notes
Turn   | Place    | Note
-------+----------+-------------------------------------------
     0 | D:1      | gg19 the Deep Elf Enchanter began the quest for the Orb.
     0 | D:1      | Reached XP level 1. HP: 10/10 MP: 6/6
   260 | D:1      | Reached XP level 2. HP: 13/15 MP: 8/8
   273 | D:1      | Learned a level 2 spell: Ensorcelled Hibernation
   664 | D:1      | Reached XP level 3. HP: 19/19 MP: 9/9
   669 | D:1      | Learned a level 3 spell: Confuse
  1326 | D:2      | Reached XP level 4. HP: 23/24 MP: 11/11
  1861 | D:3      | Reached skill level 5 in Hexes
  1956 | D:3      | Learned a level 3 spell: Dazzling Spray
  2007 | D:3      | Reached skill level 1 in Fighting
  2027 | D:3      | Reached XP level 5. HP: 23/29 MP: 2/13
  2301 | D:3      | Found a hazy altar of Hepliaklqana.
  3126 | D:4      | Reached XP level 6. HP: 26/34 MP: 7/15
  3261 | D:5      | Entered Level 5 of the Dungeon
  3512 | D:5      | Noticed a sky beast
  3565 | D:5      | Reached skill level 1 in Conjurations
  3608 | D:5      | Killed a sky beast
  3608 | D:5      | Reached skill level 5 in Spellcasting
  4402 | D:5      | Reached XP level 7. HP: 33/40 MP: 12/16
  4998 | D:4      | Noticed a moth of wrath
  5000 | D:4      | Found a bloodstained altar of Trog.
  5317 | D:6      | Identified the Collected Works on Congealing Transmigration
  5323 | D:6      | Learned a level 3 spell: Gell's Gravitas
  5408 | D:6      | Reached skill level 5 in Dodging
  5421 | D:6      | Found a staircase to the Ecumenical Temple.
  5438 | Temple   | Entered the Ecumenical Temple
  5458 | Temple   | Became a worshipper of Sif Muna the Loreminder
  5595 | D:6      | Found a hide-covered altar of Uskayaw.
  5596 | D:6      | Noticed a hand axe
  5596 | D:6      | Noticed a dagger
  5596 | D:6      | Noticed Menkaure
  5622 | D:6      | Killed Menkaure
  5622 | D:6      | Reached skill level 1 in Translocations
  5622 | D:6      | Reached XP level 8. HP: 44/45 MP: 17/19
  6044 | D:6      | You fall through a shaft for 3 floors!
  6047 | D:9      | Noticed Psyche
  6193 | D:9      | Noticed a troll
  6209 | D:9      | Found Vaekau's Armour Shoppe.
  6279 | D:9      | Killed a troll
  6279 | D:9      | Reached * piety under Sif Muna
  6450 | D:9      | Found Xulixkoomo's Antique Weapon Shop.
  6738 | D:9      | Reached skill level 5 in Conjurations
  6804 | D:9      | Found Tynnubru's Jewellery Boutique.
  6932 | D:9      | Killed Psyche
  6932 | D:9      | Reached XP level 9. HP: 34/49 MP: 22/22
  7514 | D:10     | Entered Level 10 of the Dungeon
  7540 | D:10     | Found a shattered altar of Ashenzari.
  7606 | D:10     | Reached ** piety under Sif Muna
  7912 | D:10     | Reached skill level 5 in Translocations
  8226 | D:10     | Noticed Harold
  8242 | D:10     | Noticed Grum
  8305 | D:10     | Killed Harold
  8305 | D:10     | Reached *** piety under Sif Muna
  8305 | D:10     | Reached skill level 10 in Hexes
  8305 | D:10     | Reached XP level 10. HP: 44/55 MP: 3/25
  8312 | D:10     | Killed Grum
  8716 | D:11     | Found a staircase to the Orcish Mines.
  8837 | D:11     | Noticed a gargoyle
  8845 | D:11     | Reached skill level 10 in Spellcasting
  9072 | D:11     | Noticed a hill giant
  9322 | D:11     | Killed a hill giant
  9322 | D:11     | Reached **** piety under Sif Muna
  9363 | D:11     | Found a staircase to the Lair.
  9369 | D:11     | Noticed Fannar
  9449 | D:8      | Found a shadowy altar of Dithmenos.
  9511 | D:8      | Noticed a centaur warrior
  9512 | D:8      | Noticed a tengu warrior
  9534 | D:8      | Killed a centaur warrior
  9560 | D:8      | Killed a tengu warrior
 10179 | D:7      | Reached XP level 11. HP: 59/59 MP: 24/28
 10577 | D:8      | Reached ***** piety under Sif Muna
 10612 | D:8      | Noticed a hill giant
 10984 | D:8      | Noticed a brown ugly thing
 11014 | D:8      | Killed a brown ugly thing
 11014 | D:8      | Identified Sif Muna's Handbook of Dusty Conjuration (Sif Muna gifted it to you on level 8 of the Dungeon)
 11014 | D:8      | Received a gift from Sif Muna
 11062 | D:8      | Found a radiant altar of Vehumet.
 11526 | D:8      | Noticed Erica
 11569 | D:8      | Killed Erica
 11800 | D:9      | Killed a hill giant
 11887 | D:11     | Killed from afar by Fannar

Skill      XL: |  1  2  3  4  5  6  7  8  9 10 11 |
---------------+----------------------------------+-----
Short Blades   | 2 |  2.1
Dodging        | 3 4 5 |  5.3
Spellcasting   | 4 5 6 7 9 11 | 11.5
Hexes          | 5 6 7 8 10 11 | 11.7
Fighting       | 1 2 3 |  3.1
Stealth        | 4 |  4.1
Conjurations   | 2 3 5 7 8 |  8.9
Translocations | 1 4 6 8 |  8.5

Action                   |  1- 3 |  4- 6 |  7- 9 | 10-12 || total
-------------------------+-------+-------+-------+-------++-------
Melee: Dagger            |    93 |   116 |       |       ||   209
       Short sword       |       |   183 |   376 |   382 ||   941
       Unarmed           |       |       |       |    10 ||    10
 Cast: Corona            |     9 |     1 |       |       ||    10
       Ensorcelled Hiber |     6 |    51 |     9 |     2 ||    68
       Confuse           |       |    20 |    79 |    57 ||   156
       Dazzling Spray    |       |       |    15 |    42 ||    57
       Gell's Gravitas   |       |       |       |    10 ||    10
Invok: Divine Energy     |       |       |       |     1 ||     1
Evoke: Wand              |       |       |     1 |       ||     1
  Use: Scroll            |       |    11 |     8 |     8 ||    27
       Potion            |       |       |     2 |       ||     2
 Stab: Sleeping          |    13 |    32 |    15 |     7 ||    67
       Distracted        |     1 |       |       |     4 ||     5
       Confused          |       |    15 |    48 |    43 ||   106
       Paralysed         |       |       |     1 |       ||     1
       Invisible         |       |       |     1 |     2 ||     3
  Eat: Chunk             |     1 |    10 |    15 |    25 ||    51
       Fruit             |       |     2 |       |       ||     2
Armor: Robe              |    19 |    76 |       |       ||    95
       Leather armour    |       |       |    15 |       ||    15
       Ring mail         |       |       |    12 |       ||    12
       Troll leather arm |       |       |    11 |    72 ||    83
Dodge: Dodged            |    58 |   193 |   150 |   211 ||   612
